 Dungeon Sprint DCSS version 0.28-a0-1624-g820543e53a (webtiles) character file.

Game seed: 14022371332167598570

25 innerfire433 the Skirmisher (level 2, -4/26 HPs)
             Began as a Demonspawn Monk on Jan 23, 2022.
             Slain by a hog (10 damage)
             ... in the Dungeon (Sprint I: "Red Sonja").
             The game lasted 00:00:38 (72 turns).

innerfire433 the Skirmisher (Demonspawn Monk)         Turns: 72, Time: 00:00:38

Health: -4/26      AC:  8    Str: 11    XL:     2   Next: 82%
Magic:  2/2        EV: 10    Int: 13    God:
Gold:   0          SH:  0    Dex: 15    Spells: 1/1 levels left

rFire   . . .      SeeInvis .   a - +0 falchion
rCold   . . .      Faith    .   (no shield)
rNeg    . . .      Spirit   .   i - +2 scale mail {Will+}
rPois   .          Reflect  .   (no helmet)
rElec   .          Harm     .   (no cloak)
rCorr   .          Rampage  .   (no gloves)
Will    +....      NoTele   +   (no boots)
Stlth   +.........              (no amulet)
HPRegen 0.08/turn               (no ring)
MPRegen 0.08/turn               (no ring)

@: no status effects
A: big brain 1
a: no special abilities


You were in the Dungeon.
You visited 1 branch

Inventory:

Hand Weapons
 a - a +0 falchion (weapon)
Armour
 b - a +0 robe
 i - a +2 scale mail of willpower (worn)
Wands
 g - a wand of polymorph (3)
Scrolls
 h - a scroll of blinking
Potions
 c - a potion of curing
 d - a potion of heal wounds
 e - a potion of haste
 f - 2 potions of magic


   Skills:
 + Level 4.3 Fighting
 + Level 4.1 Long Blades
 - Level 3.9 Dodging
 - Level 2.0 Stealth


You had one spell level left.
You didn't know any spells.
Your spell library was empty.

Dungeon Overview and Level Annotations

Branches:
Dungeon (1/1)

Altars:


Innate Abilities, Weirdness & Mutations

You have an unusually large brain. (Int +2)


Message History

You finish taking off your +0 robe.
You start putting on your armour.
You continue putting on your +2 scale mail of willpower. x5
You finish putting on your +2 scale mail of willpower.
You feel strong-willed. As you open the door, it creaks loudly!
An ogre comes into view. It is wielding a +0 giant club.
The ogre shouts!
Aiming: Polymorph
Press: ? - help, Shift-Dir - straight line, f - ogre
Aim: an ogre, wielding a +0 giant club (will become a hog, a blink frog, or a water moccasin, chance to affect: 49%)
The ogre resists with some effort.
Aiming: Polymorph
Press: ? - help, Shift-Dir - straight line, f/p - ogre
Aim: an ogre, wielding a +0 giant club (will become a hog, a blink frog, or a water moccasin, chance to affect: 49%)
The ogre evaporates and reforms as a hog!
The hog bites you!
You barely miss the hog. The hog bites you but does no damage.
You barely miss the hog. The hog bites you.
The hog bites you but does no damage.
You slash the hog!
The hog is moderately wounded.
The hog bites you.
* * * LOW HITPOINT WARNING * * *
You hit the hog.
The hog is moderately wounded.
The hog bites you but does no damage. x2
You hit the hog.
The hog is heavily wounded.
The hog bites you but does no damage.
You hit the hog.
The hog is severely wounded.
The hog barely misses you. The hog bites you but does no damage.
You hit the hog.
The hog is severely wounded.
The hog closely misses you.
You hit the hog.
The hog is severely wounded.
The hog closely misses you. The hog bites you!
You die...

##########
#<.#.@h..#
#..').#..+
#..#### +#
#..# #..#
#..# #⌠⌠#
####


You could see a hog.

Vanquished Creatures
  Ijyb (D)
1 creature vanquished.

Notes
Turn   | Place    | Note
-------+----------+-------------------------------------------
     0 | D        | innerfire433 the Demonspawn Monk began the quest for the
                  | Orb.
     0 | D        | Reached XP level 1. HP: 18/18 MP: 1/1
     1 | D        | Noticed Ijyb
    10 | D        | Killed Ijyb
    11 | D        | Gained mutation: You have an unusually large brain. (Int
                  | +2) [demonic ancestry]
    11 | D        | Reached XP level 2. HP: 26/26 MP: 2/2
    62 | D        | Noticed an ogre
    64 | D        | Noticed a hog
    64 | D        | an ogre changed into a hog
    72 | D        | Slain by a hog

Illustrated notes

Levels and vault maps discovered:
D:        dungeon_sprint_1 [red_sonja_temple_1, red_sonja_temple_small_1]

Skill      XL: |  1 |
---------------+----+-----
Fighting       | 4 |  4.3
Long Blades    | 4 |  4.1
Dodging        | 3 |  3.9
Stealth        | 2 |  2.0

Action                   || total
-------------------------++-------
Melee: Falchion          ||    15
Evoke: Wand              ||     2
  Use: Potion            ||     1
Armor: Scale mail        ||     6
Dodge: Dodged            ||     5

Table legend: (Time is in decaauts)
 A = Elapsed time spent in this place.
 B = Non-inter-level travel time spent in this place.
 C = Inter-level travel time spent in this place.
 D = Time resting spent in this place.
 E = Time spent auto-exploring this place.
 F = Levels seen in this place.
 G = Mean time per level.
                   A        B        C        D        E       F      G
               +--------+--------+--------+--------+--------+-----+--------+
         Total |     77 |     77 |      0 |      0 |      1 |   1 |   77.0 |
       Dungeon |     77 |     77 |      0 |      0 |      1 |   1 |   77.0 |
               +--------+--------+--------+--------+--------+-----+--------+

Top non-repeatable levels by time:
       D: 77 daAuts
